TOP OF THE 1ST |
Mahoning Valley Scrappers batting - Pitching for Hudson Valley Renegades : LHP Richie van Wijngaarden
|
Pitching: LHP Richie van Wijngaarden
|
|
Batting: RHB Edolf Vlemmings
|
0-0: Ball 1-0: Ball 2-0: Foul Ball, location: 2F 2-1: SINGLE (Flyball, 89S, EV 88.8 MPH)
|
Batting: LHB Tommy Williams
|
0-0: Ball Edolf Vlemmings steals 2nd base 1-0: Reached on error, E5 (Groundball, 56, EV 105.6 MPH) Edolf Vlemmings to third
|
Batting: RHB Mike Sims
|
0-0: Called Strike 0-1: Ball 1-1: Grounds into double play, 6-4-3 (Groundball, 56, EV 96.2 MPH) Edolf Vlemmings scores
|
Batting: RHB Jonathan Underhill
|
0-0: Ball 1-0: Ball 2-0: Ground out 6-3 (Groundball, 6, EV 99.4 MPH)
|
Top of the 1st over - 1 run, 1 hit, 1 error, 0 left on base; Mahoning Valley 1 - Hudson Valley 0 |
BOTTOM OF THE 1ST |
Hudson Valley Renegades batting - Pitching for Mahoning Valley Scrappers : RHP Mario Trujillo
|
Pitching: RHP Mario Trujillo
|
|
Batting: SHB Chris Lockart
|
0-0: Ball 1-0: Ball 2-0: Called Strike 2-1: Foul Ball, location: 2F 2-2: Fly out, F8 (Flyball, 89D, EV 102.5 MPH)
|
Batting: RHB Eric Waugaman
|
0-0: Ball 1-0: Foul Ball, location: 2F 1-1: SINGLE (Flyball, 34D, EV 91.9 MPH)
|
Batting: RHB Adam Kaeser
|
0-0: Called Strike 0-1: Ball 1-1: Grounds into double play, 4-6-3 (Groundball, 34, EV 105.6 MPH)
|
Bottom of the 1st over - 0 runs, 1 hit, 0 errors, 0 left on base; Mahoning Valley 1 - Hudson Valley 0 |
TOP OF THE 2ND |
Mahoning Valley Scrappers batting - Pitching for Hudson Valley Renegades : LHP Richie van Wijngaarden
|
Batting: SHB Charlie Diesel
|
0-0: Called Strike 0-1: Foul Ball, location: 2F 0-2: Ball 1-2: Strikes out looking
|
Batting: RHB Santos Guadalupe
|
0-0: Ball 1-0: Foul Ball, location: 2F 1-1: Swinging Strike 1-2: Ground out 6-3 (Groundball, 6, EV 85.6 MPH)
|
Batting: RHB Chris Yancey
|
0-0: Ball 1-0: Foul Ball, location: 2F 1-1: Ball 2-1: Fly out, F3 (Popup, 23F, EV 83.8 MPH)
|
Top of the 2nd over - 0 runs, 0 hits, 0 errors, 0 left on base; Mahoning Valley 1 - Hudson Valley 0 |
BOTTOM OF THE 2ND |
Hudson Valley Renegades batting - Pitching for Mahoning Valley Scrappers : RHP Mario Trujillo
|
Batting: RHB Chris Thorson
|
0-0: Called Strike 0-1: Ball 1-1: Swinging Strike 1-2: Ball 2-2: Foul Ball, location: 2F 2-2: Ball 3-2: Base on Balls
|
Batting: RHB Eddie Zamora
|
0-0: Ball Chris Thorson steals 2nd base 1-0: DOUBLE (Line Drive, 3D, EV 101.2 MPH) Chris Thorson scores
|
Batting: RHB Evan Chalarian
|
0-0: Ball 1-0: Foul Ball, location: 2F 1-1: SINGLE (Groundball, 34D, EV 98.8 MPH) Eddie Zamora to third
|
Batting: LHB Josh Redfern
|
0-0: Called Strike 0-1: Swinging Strike 0-2: Grounds into double play, 4-6-3 (Groundball, 4M, EV 107.5 MPH) Eddie Zamora scores
|
Batting: LHB Alex Genao
|
0-0: Ball 1-0: Hit by Pitch
|
Batting: RHB Jim Erdody
|
0-0: Ball 1-0: Called Strike 1-1: Called Strike 1-2: Fly out, F8 (Line Drive, 8LD, EV 107.5 MPH)
|
Bottom of the 2nd over - 2 runs, 2 hits, 0 errors, 1 left on base; Mahoning Valley 1 - Hudson Valley 2 |
TOP OF THE 3RD |
Mahoning Valley Scrappers batting - Pitching for Hudson Valley Renegades : LHP Richie van Wijngaarden
|
Batting: RHB Egidius Kruger
|
0-0: SINGLE (Groundball, 56S, EV 65.0 MPH) (infield hit)
|
Batting: RHB Nelson Trujillo
|
0-0: Ball Wild Pitch! Egidius Kruger to second 1-0: Ball 2-0: Ball 3-0: Base on Balls
|
Batting: RHB Edolf Vlemmings
|
0-0: Ball 1-0: Grounds into double play, 6-4-3 (Groundball, 6, EV 81.2 MPH) Egidius Kruger to third
|
Batting: LHB Tommy Williams
|
0-0: Ball 1-0: Fly out, F8 (Flyball, 8RXD, EV 88.1 MPH)
|
Top of the 3rd over - 0 runs, 1 hit, 0 errors, 1 left on base; Mahoning Valley 1 - Hudson Valley 2 |
BOTTOM OF THE 3RD |
Hudson Valley Renegades batting - Pitching for Mahoning Valley Scrappers : RHP Mario Trujillo
|
Batting: SHB Chris Lockart
|
0-0: Swinging Strike 0-1: Swinging Strike 0-2: Ball 1-2: Ball 2-2: Foul Ball, location: 2F 2-2: Ball 3-2: Foul Ball, location: 2F 3-2: Base on Balls
|
Batting: RHB Eric Waugaman
|
0-0: Ball 1-0: Foul Ball, location: 2F 1-1: Ball 2-1: Grounds into double play, 6-4-3 (Groundball, 6S, EV 86.9 MPH)
|
Batting: RHB Adam Kaeser
|
0-0: SOLO HOME RUN (Flyball, 89XD, EV 96.2 MPH) (Inside the Park)
|
Batting: RHB Chris Thorson
|
0-0: Called Strike 0-1: Foul Ball, location: 2F 0-2: Ground out 5-3 (Groundball, 56, EV 85.0 MPH)
|
Bottom of the 3rd over - 1 run, 1 hit, 0 errors, 0 left on base; Mahoning Valley 1 - Hudson Valley 3 |
TOP OF THE 4TH |
Mahoning Valley Scrappers batting - Pitching for Hudson Valley Renegades : LHP Richie van Wijngaarden
|
Batting: RHB Mike Sims
|
0-0: Called Strike 0-1: Ball 1-1: Ball 2-1: Ball 3-1: Swinging Strike 3-2: Strikes out looking
|
Batting: RHB Jonathan Underhill
|
0-0: Foul Ball, location: 2F 0-1: Foul Ball, location: 2F 0-2: Strikes out swinging
|
Batting: SHB Charlie Diesel
|
0-0: Fly out, F9 (Flyball, 9D, EV 100.0 MPH)
|
Top of the 4th over - 0 runs, 0 hits, 0 errors, 0 left on base; Mahoning Valley 1 - Hudson Valley 3 |
BOTTOM OF THE 4TH |
Hudson Valley Renegades batting - Pitching for Mahoning Valley Scrappers : RHP Mario Trujillo
|
Batting: RHB Eddie Zamora
|
0-0: Ball 1-0: Ball 2-0: Called Strike 2-1: Ball 3-1: Base on Balls
|
Batting: RHB Evan Chalarian
|
0-0: Ball 1-0: Ball 2-0: Ball 3-0: Base on Balls Eddie Zamora to second
|
Batting: LHB Josh Redfern
|
0-0: Called Strike 0-1: SINGLE (Line Drive, 6MD, EV 111.2 MPH) Eddie Zamora to third Evan Chalarian to second
|
Batting: LHB Alex Genao
|
0-0: SINGLE (Groundball, 34S, EV 67.5 MPH) (infield hit) Eddie Zamora scores Evan Chalarian to third Josh Redfern to second
|
Batting: RHB Jim Erdody
|
0-0: Called Strike 0-1: Ball 1-1: Ball 2-1: Ball 3-1: SINGLE (Flyball, 7S, EV 90.6 MPH) Evan Chalarian scores Josh Redfern to third Alex Genao to second
|
Pitching: RHP Rafael Borja
|
|
Batting: SHB Chris Lockart
|
0-0: Grounds into double play, 6-4-3 (Groundball, 6D, EV 103.1 MPH) Josh Redfern scores Alex Genao to third
|
Batting: RHB Eric Waugaman
|
0-0: Ground out U3 (Groundball, 3, EV 99.4 MPH)
|
Bottom of the 4th over - 3 runs, 3 hits, 0 errors, 1 left on base; Mahoning Valley 1 - Hudson Valley 6 |
TOP OF THE 5TH |
Mahoning Valley Scrappers batting - Pitching for Hudson Valley Renegades : LHP Richie van Wijngaarden
|
Batting: RHB Santos Guadalupe
|
0-0: Ground out 3-1 (Groundball, 34S, EV 77.5 MPH)
|
Batting: RHB Chris Yancey
|
0-0: Called Strike 0-1: Foul Ball, location: 2F 0-2: Ball 1-2: Ball 2-2: Foul Ball, location: 2F 2-2: Ground out 1-3 (Groundball, 34S, EV 67.5 MPH)
|
Batting: RHB Egidius Kruger
|
0-0: Called Strike 0-1: Ball 1-1: Foul Ball, location: 2F 1-2: Fly out, F6 (Popup, 4S, EV 71.9 MPH)
|
Top of the 5th over - 0 runs, 0 hits, 0 errors, 0 left on base; Mahoning Valley 1 - Hudson Valley 6 |
BOTTOM OF THE 5TH |
Hudson Valley Renegades batting - Pitching for Mahoning Valley Scrappers : RHP Rafael Borja
|
Batting: RHB Adam Kaeser
|
0-0: Foul Ball, location: 2F 0-1: Ball 1-1: Foul Ball, location: 2F 1-2: SINGLE (Groundball, 34D, EV 98.1 MPH)
|
Batting: RHB Chris Thorson
|
0-0: Grounds into double play, 4-6-3 (Groundball, 34, EV 84.4 MPH)
|
Batting: RHB Eddie Zamora
|
0-0: Ball 1-0: Ball 2-0: Ball 3-0: Ground out 5-3 (Groundball, 56, EV 83.8 MPH)
|
Bottom of the 5th over - 0 runs, 1 hit, 0 errors, 0 left on base; Mahoning Valley 1 - Hudson Valley 6 |
TOP OF THE 6TH |
Mahoning Valley Scrappers batting - Pitching for Hudson Valley Renegades : LHP Richie van Wijngaarden
|
Batting: RHB Nelson Trujillo
|
0-0: Ball 1-0: Called Strike 1-1: Ball 2-1: Swinging Strike 2-2: Foul Ball, location: 2F 2-2: Ball 3-2: Strikes out looking
|
Batting: RHB Edolf Vlemmings
|
0-0: Ball 1-0: Ball 2-0: Ground out 5-3 (Groundball, 5L, EV 100.6 MPH)
|
Batting: LHB Tommy Williams
|
0-0: Called Strike 0-1: Ball 1-1: DOUBLE (Line Drive, 9LS, EV 98.1 MPH)
|
Batting: RHB Mike Sims
|
0-0: DOUBLE (Line Drive, 7LS, EV 100.6 MPH) Tommy Williams scores
|
Batting: RHB Jonathan Underhill
|
0-0: Ball 1-0: Ground out 5-3 (Groundball, 56, EV 103.1 MPH)
|
Top of the 6th over - 1 run, 2 hits, 0 errors, 1 left on base; Mahoning Valley 2 - Hudson Valley 6 |
BOTTOM OF THE 6TH |
Hudson Valley Renegades batting - Pitching for Mahoning Valley Scrappers : RHP Rafael Borja
|
Batting: RHB Evan Chalarian
|
0-0: Ball 1-0: Called Strike 1-1: Ground out 5-3 (Groundball, 5, EV 82.5 MPH)
|
Batting: LHB Josh Redfern
|
0-0: Ball 1-0: Foul Ball, location: 2F 1-1: Ground out 6-3 (Groundball, 6, EV 101.2 MPH)
|
Batting: LHB Alex Genao
|
0-0: Ball 1-0: Called Strike 1-1: Ball 2-1: SINGLE (Groundball, 34D, EV 93.8 MPH)
|
Batting: RHB Jim Erdody
|
0-0: Ball Alex Genao steals 2nd base 1-0: Swinging Strike 1-1: Swinging Strike 1-2: Ground out 4-3 (Groundball, 34D, EV 85.6 MPH)
|
Bottom of the 6th over - 0 runs, 1 hit, 0 errors, 1 left on base; Mahoning Valley 2 - Hudson Valley 6 |
TOP OF THE 7TH |
Mahoning Valley Scrappers batting - Pitching for Hudson Valley Renegades : LHP Richie van Wijngaarden
|
Now at C: Greg Grayson
|
|
Now at 2B: Alex Genao
|
|
Now at 3B: Evan Chalarian
|
|
Now at SS: Eric Waugaman
|
|
Batting: SHB Charlie Diesel
|
0-0: Ball 1-0: Foul Ball, location: 2F 1-1: Foul Ball, location: 2F 1-2: Strikes out swinging
|
Batting: RHB Santos Guadalupe
|
0-0: Ball 1-0: Ground out U3 (Groundball, 34, EV 106.2 MPH)
|
Batting: RHB Chris Yancey
|
0-0: Foul Ball, location: 2F 0-1: Foul Ball, location: 2F 0-2: Ball 1-2: SINGLE (Line Drive, 8LS, EV 105.6 MPH)
|
Batting: RHB Egidius Kruger
|
0-0: Called Strike 0-1: Fly out, F8 (Flyball, 8LD, EV 108.1 MPH)
|
Top of the 7th over - 0 runs, 1 hit, 0 errors, 1 left on base; Mahoning Valley 2 - Hudson Valley 6 |
BOTTOM OF THE 7TH |
Hudson Valley Renegades batting - Pitching for Mahoning Valley Scrappers : RHP Rafael Borja
|
Batting: SHB Chris Lockart
|
0-0: Ball 1-0: Swinging Strike 1-1: Swinging Strike 1-2: Ball 2-2: Ball 3-2: Foul Ball, location: 2F 3-2: Base on Balls
|
Batting: RHB Eric Waugaman
|
0-0: Ball Chris Lockart steals 2nd base 1-0: Ground out 5-3 (Groundball, 5S, EV 70.0 MPH) Chris Lockart to third
|
Batting: RHB Adam Kaeser
|
0-0: Ball 1-0: Swinging Strike 1-1: Ground out 4-3 (Groundball, 4, EV 115.6 MPH) Chris Lockart scores
|
Batting: RHB Chris Thorson
|
0-0: Ball 1-0: Ball 2-0: Ball 3-0: Base on Balls
|
Batting: RHB Eddie Zamora
|
0-0: Ball Chris Thorson steals 2nd base (no throw) 1-0: Called Strike 1-1: Ball 2-1: Ground out U3 (Groundball, 34, EV 96.9 MPH)
|
Bottom of the 7th over - 1 run, 0 hits, 0 errors, 1 left on base; Mahoning Valley 2 - Hudson Valley 7 |
TOP OF THE 8TH |
Mahoning Valley Scrappers batting - Pitching for Hudson Valley Renegades : LHP Richie van Wijngaarden
|
Batting: RHB Nelson Trujillo
|
0-0: Ball 1-0: Swinging Strike 1-1: Fly out, F8 (Flyball, 8RXD, EV 98.8 MPH)
|
Batting: RHB Edolf Vlemmings
|
0-0: Ground out 4-3 (Groundball, 4, EV 90.6 MPH)
|
Batting: LHB Tommy Williams
|
0-0: SINGLE (Groundball, 6MD, EV 103.1 MPH)
|
Batting: RHB Mike Sims
|
0-0: Called Strike 0-1: Foul Ball, location: 2F 0-2: Ball 1-2: SINGLE (Line Drive, 4D, EV 105.0 MPH) Tommy Williams to second Runner from 2nd tries for 3rd, SAFE, throw by RF made to third
|
Batting: RHB Jonathan Underhill
|
0-0: Called Strike 0-1: Swinging Strike 0-2: Ball 1-2: Ball 2-2: Foul Ball, location: 2F 2-2: SINGLE (Line Drive, 9S, EV 97.5 MPH) Tommy Williams scores Mike Sims to second Runner from 2nd tries for 3rd, SAFE, throw by RF made to third
|
Pitching: LHP Tim Pulliam
|
|
Batting: SHB Charlie Diesel
|
0-0: Ball 1-0: Swinging Strike 1-1: Swinging Strike 1-2: Foul Ball, location: 2F 1-2: Strikes out swinging, 2-3 out at first.
|
Top of the 8th over - 1 run, 3 hits, 0 errors, 2 left on base; Mahoning Valley 3 - Hudson Valley 7 |
BOTTOM OF THE 8TH |
Hudson Valley Renegades batting - Pitching for Mahoning Valley Scrappers : RHP Rafael Borja
|
Batting: RHB Evan Chalarian
|
0-0: Ball 1-0: Foul Ball, location: 2F 1-1: Ground out U3 (Groundball, 3, EV 84.4 MPH)
|
Batting: LHB Josh Redfern
|
0-0: Ball 1-0: Ball 2-0: Foul Ball, location: 2F 2-1: Ball 3-1: Foul Ball, location: 2F 3-2: Base on Balls
|
Batting: LHB Alex Genao
|
0-0: Ball Wild Pitch! Josh Redfern to second 1-0: Swinging Strike 1-1: TRIPLE (Flyball, 9LD, EV 113.8 MPH) Josh Redfern scores
|
Batting: RHB Greg Grayson
|
0-0: Called Strike 0-1: Ball Wild Pitch! Alex Genao scores 1-1: Ball 2-1: Ball 3-1: SINGLE (Groundball, 6MS, EV 68.1 MPH) (infield hit)
|
Pitching: RHP Tibalt Sklavenitis
|
|
Batting: SHB Chris Lockart
|
0-0: Ball 1-0: Foul Ball, location: 2F 1-1: Swinging Strike 1-2: Ball 2-2: Foul Ball, location: 2F 2-2: Fielders Choice at 2nd, 3-6 (Groundball, 3, EV 85.0 MPH)
|
Batting: RHB Eric Waugaman
|
0-0: Ball Chris Lockart steals 2nd base (no throw) 1-0: Ball 2-0: Called Strike 2-1: SINGLE (Groundball, 56D, EV 85.0 MPH) (infield hit) Chris Lockart to third
|
Batting: RHB Adam Kaeser
|
0-0: Called Strike 0-1: SINGLE (Line Drive, 7S, EV 102.5 MPH) Chris Lockart scores Eric Waugaman to second
|
Batting: RHB Chris Thorson
|
0-0: Ball Wild Pitch! Eric Waugaman to third Adam Kaeser to second 1-0: SINGLE (Flyball, 78M, EV 90.6 MPH) Eric Waugaman scores Adam Kaeser to third
|
Batting: RHB Eddie Zamora
|
0-0: Ball 1-0: Foul Ball, location: 2F 1-1: Ball 2-1: Ball 3-1: Called Strike 3-2: Foul Ball, location: 2F 3-2: SINGLE (Groundball, 56S, EV 68.1 MPH) (infield hit) Adam Kaeser scores Chris Thorson to second
|
Batting: RHB Evan Chalarian
|
0-0: Ball 1-0: Ball 2-0: Ball 3-0: Base on Balls Chris Thorson to third Eddie Zamora to second
|
Batting: LHB Josh Redfern
|
0-0: Swinging Strike 0-1: Ball 1-1: Called Strike 1-2: Ball 2-2: SINGLE (Line Drive, 5L, EV 98.1 MPH) Chris Thorson scores Eddie Zamora to third Evan Chalarian to second
|
Batting: LHB Alex Genao
|
0-0: TRIPLE (Flyball, 8LXD, EV 108.1 MPH) Eddie Zamora scores Evan Chalarian scores Josh Redfern scores
|
Pitching: RHP Richie Schraven
|
|
Batting: RHB Greg Grayson
|
0-0: Called Strike 0-1: Ball 1-1: Called Strike 1-2: Ball Wild Pitch! Alex Genao scores 2-2: Foul Ball, location: 2F 2-2: Ball 3-2: Strikes out looking
|
Bottom of the 8th over - 10 runs, 8 hits, 0 errors, 0 left on base; Mahoning Valley 3 - Hudson Valley 17 |
TOP OF THE 9TH |
Mahoning Valley Scrappers batting - Pitching for Hudson Valley Renegades : LHP Tim Pulliam
|
Pinch Hitting: RHB Ricky Trejo
|
0-0: Ball 1-0: Called Strike 1-1: Ground out 3-1 (Groundball, 34, EV 98.8 MPH)
|
Batting: RHB Chris Yancey
|
0-0: Ball 1-0: Foul Ball, location: 2F 1-1: Called Strike 1-2: Strikes out swinging
|
Pinch Hitting: LHB Jim Polson
|
0-0: Ball 1-0: Ball 2-0: Called Strike 2-1: Swinging Strike 2-2: DOUBLE (Line Drive, 78M, EV 93.8 MPH)
|
Batting: RHB Nelson Trujillo
|
0-0: Called Strike 0-1: Fly out, F8 (Flyball, 8RM, EV 83.8 MPH)
|
Top of the 9th over - 0 runs, 1 hit, 0 errors, 1 left on base; Mahoning Valley 3 - Hudson Valley 17 |
|